 Dungeon Crawl Stone Soup version 0.30-b1-5-g8e6c1be481 (webtiles) character file.

Game seed: 9293814447078719567

217 Hubris850 the Insei (level 5, -2/41 HPs)
             Began as a Merfolk Transmuter on May 3, 2023.
             Was an Initiate of the Shining One.
             Slain by a two-headed ogre
             ... wielding a +0 giant club
              (8 damage)
             ... on level 4 of the Dungeon.
             The game lasted 00:09:32 (3324 turns).

Hubris850 the Insei (Merfolk Transmuter)            Turns: 3324, Time: 00:09:32

Health: -2/41      AC: 14    Str: 11    XL:     5   Next: 94%
Magic:  0/8        EV:  6    Int: 14    God:    the Shining One [......]
Gold:   172        SH:  0    Dex: 14    Spells: 7/8 levels left

rFire   . .          .
                       - Unarmed
rCold   . . .        (no shield)
rNeg    + . .        f - +0 chain mail
rPois   +            j - +0 helmet
rElec   .            (no cloak)
rCorr   +            (no gloves)
SInv    +            e - +0 pair of boots
Will    .....        D - amulet of guardian spirit Stlth
                     d - +4 ring of protection
HPRegen 0.26/turn    v - ring "Seikot" {rPois rN+ rCorr SInv}
MPRegen 0.11/turn

%: guardian spirit
@: glowing
A: (nimble swimmer 2), mertail
a: Renounce Religion


You were on level 4 of the Dungeon.
You worshipped the Shining One.
The Shining One was noncommittal.
You visited 1 branch of the dungeon, and saw 4 of its levels.

You collected 172 gold pieces.

Inventory:

Hand Weapons
 q - a +2 dagger of holy wrath
 A - a +2 dagger of speed
Missiles
 w - 3 javelins
 B - 10 poisoned darts (quivered)
Armour
 a - a +0 robe
 e - a +0 pair of boots (worn)
 f - a +0 chain mail (worn)
 j - a +0 helmet (worn)
 r - a +0 ring mail
Jewellery
 d - a +4 ring of protection (left hand)
 p - a ring of willpower
 v - the ring "Seikot" (right hand) {rPois rN+ rCorr SInv}
   (You found it on level 3 of the Dungeon)

   [ring of positive energy]

   rPois:     It protects you from poison.
   rN:        It protects you from negative energy.
   SInv:      It lets you see invisible.
   rCorr:     It protects you from acid and corrosion.
 D - an amulet of guardian spirit (around neck)
 E - a ring of ice
Wands
 m - a wand of roots (9)
Scrolls
 g - 2 scrolls of teleportation {unknown}
 i - 3 scrolls of fog {unknown}
 k - a scroll of silence {unknown}
 o - 2 scrolls of poison {unknown}
 t - 2 scrolls of immolation {unknown}
 x - a scroll of amnesia {unknown}
 y - a scroll of vulnerability {unknown}
Potions
 b - a potion of lignification
 c - 2 potions of curing
 h - 2 potions of might {unknown}
 l - 2 potions of degeneration {unknown}
 n - 2 potions of invisibility {unknown}
 s - 4 potions of brilliance
 u - 2 potions of heal wounds {unknown}
 z - a potion of ambrosia {unknown}
 C - a potion of resistance {unknown}


   Skills:
 - Level 3.0 Fighting
 - Level 3.2 Dodging
 - Level 6.0 Unarmed Combat
 + Level 2.1 Spellcasting
 + Level 2.9 Transmutations
 + Level 0.5 Ice Magic


You had 7 spell levels left.
You knew the following spells:

 Your Spells              Type           Power      Damage    Failure   Level
a - Beastly Appendage     Tmut           18%        N/A       95%         1

Your spell library contained the following spells:

 Spells                   Type           Power      Damage    Failure   Level
 Wereblood                Tmut           9%         N/A       98%         2
 Apportation              Tloc           2%         N/A       100%        1
 Spider Form              Tmut/Pois      5%         N/A       100%        3
 Ice Form                 Ice/Tmut       6%         N/A       100%        4
 Alistair's Intoxication  Tmut/Pois      3%         N/A       100%        5


Dungeon Overview and Level Annotations

Branches:
Dungeon (4/15)
 Temple: D:4-7

Altars:
Gozag
Wu Jian
Zin
The Shining One

Shops:
D:2 =:([?


Innate Abilities, Weirdness & Mutations

((You are very nimble when in or above water. (Stealth+, EV+, Speed+++)))
Your lower body shifts to a powerful aquatic tail in water.


Message History

The grasping roots constrict the two-headed ogre.
The grasping roots constrict the iguana.
You hear a shout!
You hear an angry hiss. x2; You hear a shout! x2
Something unseen opens the door.
The iguana struggles to escape constriction.
An adder comes into view.
The adder hisses angrily.
Throw: 11 darts (poison)
Press: ? - help, Q - select action, (/) - cycle Shift-Dir - straight line, f/p - two-headed ogre
Aim: a two-headed ogre, wielding a +0 giant club and a +0 giant spiked club (lightly wounded, constricted by roots, 93% to hit)
You throw a poisoned dart.
The poisoned dart completely misses the two-headed ogre.
The poisoned dart completely misses the iguana.
The grasping roots constrict the two-headed ogre!
The grasping roots constrict the iguana!
The roots release their grip on the two-headed ogre.
The roots release their grip on the iguana.
An ogre comes into view. It is wielding a +0 giant club.
The two-headed ogre attacks as you move away!
The two-headed ogre hits you with a +0 giant club!
The two-headed ogre hits you with a +0 giant spiked club!
An ufetubus comes into view.
The ufetubus shouts!
A kobold comes into view.
It is wielding a +0 whip and quivering poisoned darts.
The two-headed ogre attacks as you move away!
The two-headed ogre barely misses you.
The two-headed ogre hits you with a +0 giant spiked club.
You hit the adder.
The adder is moderately wounded.
You closely miss the two-headed ogre. You punch the two-headed ogre!
The two-headed ogre is moderately wounded.
You hit the two-headed ogre.
The two-headed ogre is heavily wounded.
The two-headed ogre hits you with a +0 giant club.
The two-headed ogre hits you with a +0 giant spiked club!
* * * LOW HITPOINT WARNING * * *
You hit the two-headed ogre.
The two-headed ogre is heavily wounded.
The two-headed ogre hits you with a +0 giant club!
You die...

###.######.#....# #.#
#........#....# #.#
###########.###.## #.#
..# #######..#########.#
#.# #...............##.#
#.# #.####.....####.##.#
#'### #.#
##...##.(#.##.# ....#
#.# ##.##...#.##.# ....#
#.## #@#).l##.##.# ###.#
#..## +#O#'.##..##.# #.#
###...###.5S###...##.#
###
#.........8OK......<.#
....#...###...###...##.#
. #..## +#.#' ##..##.#
#.## #.#.. ##.##.# #.#
##.##. #.##.# #.#
##...##. #.##.#


You could see a two-headed ogre, an ogre, an adder, an ufetubus and a kobold.

Vanquished Creatures
  Blork the orc (D:4)
  Robin (D:4)
  2 adders
  2 worms (D:2)
  3 dart slugs
  3 orcs
  8 ball pythons
  9 endoplasms
  A giant cockroach (D:2)
  18 goblins
  8 hobgoblins
  5 jackals
  14 kobolds
  3 quokkas
  4 bats
  7 frilled lizards
  5 rats
94 creatures vanquished.

Vanquished Creatures (others)
  9 fungi (D:4)
9 creatures vanquished.

Grand Total: 103 creatures vanquished

Notes
Turn   | Place    | Note
-------+----------+-------------------------------------------
     0 | D:1      | Hubris850 the Merfolk Transmuter began the quest for the
                  | Orb.
     0 | D:1      | Reached XP level 1. HP: 15/15 MP: 3/3
    88 | D:1      | Reached XP level 2. HP: 19/21 MP: 5/5
   272 | D:1      | Reached skill level 4 in Unarmed Combat
   405 | D:1      | Reached XP level 3. HP: 26/26 MP: 6/6
   527 | D:1      | Found a faded altar of an unknown god.
   889 | D:2      | Found Koegoung's Magic Scroll Boutique.
   917 | D:2      | Found Ifahast's Weapon Boutique.
  1100 | D:2      | Reached XP level 4. HP: 34/34 MP: 7/7
  1181 | D:2      | Found Neyritohogu's Jewellery Boutique.
  1201 | D:2      | Found an opulent altar of Gozag.
  1321 | D:2      | Found Fesoq's Book Emporium.
  1787 | D:2      | Found Hemam's Armour Boutique.
  1887 | D:3      | Found an ornate altar of the Wu Jian Council.
  2038 | D:3      | Found a glowing golden altar of the Shining One.
  2052 | D:3      | Identified the ring "Seikot" {rPois rN+ rCorr SInv}
  2234 | D:3      | Became a worshipper of the Shining One
  2347 | D:3      | Found a glowing silver altar of Zin.
  2609 | D:4      | Noticed Robin
  2652 | D:4      | Killed Robin
  2653 | D:4      | Reached skill level 5 in Unarmed Combat
  2657 | D:4      | Reached XP level 5. HP: 35/41 MP: 8/8
  3013 | D:4      | Noticed Blork the orc
  3038 | D:4      | Killed Blork the orc
  3039 | D:4      | Reached skill level 6 in Unarmed Combat
  3316 | D:4      | Noticed a two-headed ogre
  3318 | D:4      | Noticed an ogre
  3324 | D:4      | Slain by a two-headed ogre

Illustrated notes

Levels and vault maps discovered:
D:1:      amcnicky_arrival_single_pillar, layout_loops_ring,
          dreamdust_ecumenical_altar_angels_and_demons,
          dreamdust_mushroom_princess
D:2:      minmay_recursive_quarters, layout_loops_ring, serial_shops,
          nicolae_shop_advertising_works [nicolae_subvault_shop_adworks],
          nicolae_square_shop, shop, nicolae_shop_window_shopping,
          nicolae_shop_real_fake_doors, basic_altar, minmay_misc_feat_roman
D:3:      layout_loops_cross, overflow_temple_1_default,
          mainiacjoe_overflow_boulevard,
          pdpol_temple_overflow_zin_treasury_gozag_greed
D:4:      cheibrodos_barr_body, layout_basic, serial_aquarium,
          aquarium_bridge_island_small [aquarium_subvault_small_open,
          aquarium_subvault_window, aquarium_subvault_window,
          aquarium_subvault_wall, aquarium_subvault_bridge],
          aquarium_bridge_square [aquarium_subvault_bridge,
          aquarium_subvault_bridge, aquarium_subvault_window,
          aquarium_subvault_window], aquarium_window_corner,
          aquarium_window_corner, aquarium_view_2d, uniq_blork_the_orc,
          uniq_robin

Skill      XL: |  1  2  3  4  5 |
---------------+----------------+-----
Dodging        | 3 |  3.2
Unarmed Combat | 4 5 6 |  6.0
Fighting       | 2 3 |  3.0
Spellcasting   | |  2.1
Transmutations | |  2.9
Ice Magic      | |  0.5

Action                     |  1- 3 |  4- 6 || total
---------------------------+-------+-------++-------
  Melee: Unarmed           |   123 |   173 ||   296
         Punch             |     6 |     5 ||    11
  Throw: Dart              |       |     6 ||     6
         Javelin           |       |     6 ||     6
  Evoke: Wand              |       |     1 ||     1
    Use: Scroll            |     1 |     1 ||     2
 Armour: Robe              |     7 |       ||     7
         Chain mail        |    50 |    88 ||   138
  Dodge: Dodged            |    45 |    37 ||    82
